 Dungeon Crawl Stone Soup version 0.14-a0-1403-g5d3c58f (webtiles) character file.

265 PolkaDot the Ruinous (level 4, -5/30 HPs)
             Began as a Vampire Conjurer on Dec 10, 2013.
             Slain by Eustachio
             ... wielding a +2,+1 falchion of holy wrath
              (6 damage)
             ... on Level 4 of the Dungeon.
             The game lasted 00:09:27 (2505 turns).

PolkaDot the Ruinous (Vampire Conjurer)             Turns: 2505, Time: 00:09:27

HP  -5/30        AC  2     Str  7      XL: 4   Next: 62%
MP   3/7         EV 12     Int 18      God:
Gold 154         SH  0     Dex 14      Spells:  3 memorised,  0 levels left

rFire  . . .     SeeInvis +     g - -1,+0 orc hand axe
rCold  . . .     Clarity  .     a - +0 robe
rNeg   . . .     Conserve .     (no shield)
rPois  .         rCorr    .     (no helmet)
rElec  .         rRot     .     (no cloak)
SustAb . .       Spirit   .     n - -1 pair of gloves (curse)
rMut   .         Warding  .     (no boots)
Saprov . . .     Stasis   .     (no amulet)
                                (no ring)
                                (no ring)

@: regenerating quickly, flying, slightly resistant to hostile enchantments,
stealthy
A: fangs 3, see invisible, unbreathing
a: no special abilities


You were on level 4 of the Dungeon.
You were very full.

You visited 1 branch of the dungeon, and saw 4 of its levels.

You collected 154 gold pieces.

Inventory:

Hand weapons
 g - a -1,+0 orcish hand axe (weapon)
Armour
 a - a +0 robe (worn)
 m - a +1 dwarven cloak
 n - a cursed -1 pair of gloves (worn)
 q - a +0 elven leather armour
Scrolls
 b - a scroll of curse weapon {unknown}
 d - a scroll of identify
 e - a scroll of fear {unknown}
 f - a scroll of immolation {unknown}
 j - a scroll of enchant weapon I {unknown}
 k - a scroll of magic mapping {unknown}
 l - a scroll of teleportation {unknown}
 r - a scroll of remove curse {unknown}
Potions
 h - a potion of restore abilities
 p - a potion of confusion
Books
 c - a book of Conjurations

   Spells                             Type                      Level
   *Magic Dart                        Conjuration                  1
   *Searing Ray                       Conjuration                  2
   Dazzling Spray                     Conjuration/Hexes            3
   *Iskenderun's Mystic Blast         Conjuration                  4
   Iskenderun's Battlesphere          Conjuration/Charms           4
   Fulminant Prism                    Conjuration/Hexes            5


   Skills:
 - Level 2.1 Dodging
 - Level 3.0 Stealth
 - Level 2.0 Spellcasting
 * Level 4.5 Conjurations


You couldn't memorise any spells.
You knew the following spells:

 Your Spells              Type           Power        Failure   Level  Hunger
a - Magic Dart            Conj           ###.         2%          1    #......
d - Iskenderun's Mystic   Conj           ###.....     28%         4    #####..
s - Searing Ray           Conj           ###...       4%          2    ##.....


Dungeon Overview and Level Annotations

Branches:
Dungeon (4/16)
 Temple: D:4-7

Altars:

Annotations:
D:2 Sigmund
D:4 Eustachio


Innate Abilities, Weirdness & Mutations

Your natural rate of healing is unusually fast.
You have razor-sharp teeth.*
You have supernaturally acute eyesight.
You can survive without breathing.*


Message History

Eustachio gestures wildly while chanting.
Eustachio blinks!
The quasit misses you.
The quasit claws you but does no damage.
The white imp gestures at you. The puff of frost hits you!
The quasit disappears in a puff of smoke!
The quasit barely misses you. The white imp gestures at you.
The puff of frost hits you!
The quasit disappears in a puff of smoke!
Eustachio mumbles some strange words.
You hit the bat.
The bat is heavily wounded.
You hit Eustachio but do no damage.
Eustachio is moderately wounded.
The bat hits you but does no damage.
Eustachio hits you with a falchion of holy wrath!
* * * LOW HITPOINT WARNING * * *
You convulse!
You die...

#...!....#
####........#
...........#
#..5....<##
########.###...
#.......5..#.#
#....b.5.§...#
#........§.###
#.....r.@..#
#.......@..#
..........#
######..<##
#...# #.<.#
#####


You could see Eustachio, an iron imp, a white imp, an ufetubus, a quokka and a
bat.

Vanquished Creatures
  An orc wizard (D:3)
  A gnoll (D:1)
  2 adders (D:2)
  11 orcs
  9 goblins
  2 hobgoblins
  4 kobolds
  2 ball pythons
  3 bats
  A giant cockroach (D:1)
  A giant newt (D:2)
  7 jackals (D:1)
  7 rats
51 creatures vanquished.

Notes
Turn   | Place    | Note
--------------------------------------------------------------
     0 | D:1      | PolkaDot, the Vampire Conjurer, began the quest for the Orb.
     0 | D:1      | Reached XP level 1. HP: 13/13 MP: 3/3
   503 | D:1      | Reached XP level 2. HP: 16/19 MP: 2/4
   676 | D:1      | Learned a level 2 spell: Searing Ray
   973 | D:2      | Reached XP level 3. HP: 6/24 MP: 3/6
  1209 | D:2      | Noticed Sigmund
  1374 | D:2      | Reached skill level 4 in Conjurations
  1676 | D:3      | Reached XP level 4. HP: 26/30 MP: 0/7
  2168 | D:3      | Learned a level 4 spell: Iskenderun's Mystic Blast
  2487 | D:4      | Noticed Eustachio
  2505 | D:4      | HP: 1/30 [Eustachio/falchion of holy wrath (10)]
  2505 | D:4      | Slain by Eustachio

Action                   |  1- 3 |  4- 6 || total
-------------------------+-------+-------++-------
Melee: Unarmed           |    11 |       ||    11
       Hand axe          |    58 |    51 ||   109
 Cast: Magic Dart        |    15 |     3 ||    18
       Searing Ray       |     6 |     6 ||    12
  Use: Potion            |     3 |     3 ||     6
       Scroll            |     3 |       ||     3
 Stab: Sleeping          |     2 |       ||     2
